 Dungeon Crawl Stone Soup version 0.26-a0-278-g3b0d5afba5 (webtiles) character file.

Game seed: 8261467824449539671

108 BritishOli the Skirmisher (level 4, 0/37 HPs)
             Began as a Demonspawn Fighter on July 12, 2020.
             Succumbed to an orc wizard's poison
             ... on level 3 of the Dungeon.
             The game lasted 00:01:25 (1918 turns).

BritishOli the Skirmisher (Demonspawn Fighter)      Turns: 1918, Time: 00:01:26

Health: 0/37       AC:  8    Str: 17 (18) XL:     4   Next: 58%
Magic:  4/4        EV:  7    Int:  6 (9)  God:
Gold:   126        SH:  8    Dex: 10 (12) Spells: 3/3 levels left

rFire    . . .     SeeInvis .   a - +0 long sword
rCold    . . .     Faith    .   c - +0 kite shield
rNeg     . . .     Spirit   .   b - +0 scale mail
rPois    .         Reflect  .   (no helmet)
rElec    .         Harm     .   (no cloak)
rCorr    .                      (no gloves)
MR       .....                  (no boots)
Stlth    ..........             (no amulet)
HPRegen  0.12/turn              (no ring)
MPRegen  0.09/turn              (no ring)

@: lethally poisoned (0 -> -6), stab, flying
A: iridescent scales 1, powered by death 1
a: no special abilities


You were on level 3 of the Dungeon.
You visited 1 branch of the dungeon, and saw 3 of its levels.

You collected 126 gold pieces.

Inventory:

Hand Weapons
 a - a +0 long sword (weapon)
Armour
 b - a +0 scale mail (worn)
 c - a +0 kite shield (worn)
Scrolls
 e - a scroll of amnesia {unknown}
 f - 3 scrolls of identify {unknown}
 h - 3 scrolls of teleportation {unknown}
 i - a scroll of immolation {unknown}
 j - 2 scrolls of magic mapping {unknown}
 k - a scroll of enchant armour {unknown}
 l - 2 scrolls of fog {unknown}
Potions
 d - a potion of might


   Skills:
 + Level 3.7 Fighting
 + Level 2.7 Long Blades
 + Level 3.3 Armour
 + Level 3.3 Shields


You had 3 spell levels left.
You didn't know any spells.
Your spell library was empty.

Dungeon Overview and Level Annotations

Branches:
Dungeon (3/15)

Altars:
Ru
Yredelemnul


Innate Abilities, Weirdness & Mutations

You are partially covered in iridescent scales. (AC +2)
You regenerate a little health from kills.


Message History

You feel sick. The orc hits you but does no damage.
It was a potion of stabbing.
You feel ready to backstab. The orc barely misses you.
It was a potion of flight.
You feel very buoyant.
You fly up into the air.
* * * LOW HITPOINT WARNING * * *
You feel sick.
You slash the orc!
You kill the orc!
* * * LOW HITPOINT WARNING * * *
You feel sick.
You fly downwards.
* * * LOW HITPOINT WARNING * * *
You feel sick. The orc hits you with a +0 short sword.
* * * LOW HITPOINT WARNING * * *
There is a stone staircase leading up here.
You hit the orc but do no damage.
You die...

......# ......#
......#
#######......
####...........
...........#
#....####
#.##.o.o######
..o #.##.@....#
#...
#.#######.#
#(... #.#
.<..#. ..#
#.##.#. ### ..
#...


You could see an orc wizard and an orc.

Vanquished Creatures
  5 adders
  3 worms (D:2)
  3 dart slugs
  A leopard gecko (D:1)
  An orc (D:2)
  5 bats
  6 giant cockroaches
  6 goblins
  5 hobgoblins (D:2)
  4 kobolds
  A ball python (D:1)
  2 frilled lizards (D:1)
  4 rats
46 creatures vanquished.

Notes
Turn   | Place    | Note
-------+----------+-------------------------------------------
     0 | D:1      | BritishOli the Demonspawn Fighter began the quest for the
                  | Orb.
     0 | D:1      | Reached XP level 1. HP: 18/18 MP: 1/1
   144 | D:1      | Gained mutation: You regenerate a little health from kills.
                  | [demonic ancestry]
   144 | D:1      | Reached XP level 2. HP: 24/24 MP: 2/2
   650 | D:2      | Gained mutation: You are partially covered in iridescent
                  | scales. (AC +2) [demonic ancestry]
   650 | D:2      | Reached XP level 3. HP: 20/29 MP: 3/3
  1281 | D:2      | Reached XP level 4. HP: 33/35 MP: 4/4
  1429 | D:2      | Found a sacrificial altar of Ru.
  1429 | D:2      | Found a basalt altar of Yredelemnul.
  1917 | D:3      | HP: 1/37 [orc/+0 short sword (4)]
  1918 | D:3      | Succumbed to an orc wizard's poison

Illustrated notes

Levels and vault maps discovered:
D:1:      dpeg_arrival_line_fractal, layout_basic,
          hangedman_decor_clover_reticule, st_stairs_8, minmay_worlds_worst_comb
D:2:      layout_basic, amethyst_overflow_temple_binary
D:3:      layout_rooms, nicolae_overflow_hidden_temple, grunt_ministairs_10,
          grunt_gozag_breadcrumbs

Skill      XL: |  1  2 |
---------------+-------+-----
Long Blades    | 2 |  2.7
Armour         | 3 |  3.3
Shields        | 3 |  3.3
Fighting       | |  3.7

Action                   |  1- 3 |  4- 6 || total
-------------------------+-------+-------++-------
Melee: Long sword        |   104 |    63 ||   167
  Use: Potion            |       |     3 ||     3
Armor: Scale mail        |    64 |    29 ||    93
Dodge: Dodged            |    33 |    22 ||    55
Block: Kite shield       |    55 |    34 ||    89
       Rpst.: Long sword |    11 |     6 ||    17

Table legend:
 A = Non-vault XP
 B = Vault XP
 C = Vault XP percentage of total XP
 D = Non-vault monster count
 E = Vault monster count
 F = Vault count percentage of total count
                 A         B        C        D         E       F
            +---------+---------+-------+---------+---------+-------
      Total |     148 |       7 |   4.5 |      42 |       4 |   8.7
            +---------+---------+-------+---------+---------+-------
        D:1 |      40 |       7 |  14.9 |      16 |       4 |  20.0
        D:2 |     106 |       0 |   0.0 |      25 |       0 |   0.0
        D:3 |       2 |       0 |   0.0 |       1 |       0 |   0.0
            +---------+---------+-------+---------+---------+-------
